Map: Tourmaline LE

Players

BABLOS - Winner!

  • Race: Terran Terran
  • League: Silver
  • Spawn Location: 1:00

DirtyRacoon

  • Race: Terran Terran
  • League: Silver
  • Spawn Location: 7:00

VOD

Have the link to the VOD?

Description

Time

  • Played on: April 9, 2026, 11:12 a.m.
  • Length: 50:07
Show
View Real Time Build Order
Export as new Build Order

BABLOS Terran - Winner!

Build Orders:  

Get SALT Encoding   

  12  0:03  SCV  
  13  0:15  SCV  
  14  0:27  Supply Depot  
  14  0:53  Refinery  
  13  1:00  Supply Depot  
  9  1:19  SCV  
  9  1:31  SCV  
  10  1:35  Barracks  
  10  1:43  Refinery, SCV  
  11  1:56  SCV  
  12  2:08  SCV  
  13  2:15  Engineering Bay  
  13  2:28  Reaper  
  14  2:50  Refinery  
  14  2:51  SCV  
  15  3:01  Reaper  
  15  3:03  SCV  
  17  3:16  SCV  
  18  3:25  Factory  
  18  3:28  SCV  
  19  3:40  SCV  
  20  3:49  Reaper  
  20  3:52  SCV  
  22  4:04  SCV  
  22  4:14  Factory Tech Lab  
  22  4:16  SCV  
  22  4:21  Reaper  
  23  4:32  Starport  
  23  4:33  Orbital Command  
  23  4:40  Supply Depot  
  23  5:02  Siege Tank  
  26  5:15  Fusion Core, Supply Depot  
  26  5:17  Starport Tech Lab  
  26  6:07  Command Center  
  26  6:09  Battlecruiser  
  32  6:19  Weapon Refit  
  32  6:38  Missile Turret  
  32  6:40  Missile Turret  
  32  6:41  Missile Turret  
  32  6:42  Missile Turret  
  32  6:44  Missile Turret  
  32  6:49  Missile Turret  
  32  7:00  Missile Turret  
  32  7:06  Missile Turret  
  32  7:17  Siege Tank  
  35  7:23  SCV  
  36  7:35  SCV  
  36  7:36  Missile Turret  
  37  7:53  Battlecruiser  
  26  8:45  Planetary Fortress  
  26  8:55  Factory  
  26  9:06  SCV  
  27  9:15  Siege Tank  
  30  9:18  SCV  
  31  9:24  SCV  
  31  9:30  SCV  
  33  9:36  SCV  
  34  9:40  Missile Turret  
  34  9:42  SCV  
  34  9:47  Missile Turret  
  34  9:48  Missile Turret, SCV  
  35  9:54  SCV  
  36  10:00  SCV  
  36  10:04  Siege Tank  
  36  10:06  SCV  
  36  10:07  Factory Reactor  
  41  10:09  Missile Turret  
  41  10:13  SCV  
  42  10:23  Missile Turret  
  42  10:30  Missile Turret  
  42  10:45  Armory  
  42  10:50  Missile Turret  
  42  10:56  Missile Turret  
  42  11:03  SCV  
  43  11:14  Missile Turret  
  43  11:15  SCV  
  44  11:26  SCV  
  44  11:28  SCV  
  46  11:37  Drilling Claws  
  46  11:38  SCV  
  47  11:50  Siege Tank, SCV  
  47  11:54  Widow Mine  
  53  12:03  SCV, Supply Depot  
  54  12:13  Missile Turret  
  54  12:25  SCV, Siege Tank, Widow Mine  
  54  12:26  Supply Depot  
  60  12:37  Widow Mine  
  62  12:48  Widow Mine  
  64  12:57  Widow Mine  
  64  12:58  Widow Mine  
  74  13:12  Battlecruiser  
  74  13:13  Supply Depot  
  74  13:27  Widow Mine  
  74  13:28  Widow Mine  
  78  13:35  Refinery, SCV  
  78  13:36  Refinery  
  78  13:40  Neosteel Armor  
  79  13:47  SCV  
  80  13:49  Widow Mine x2  
  84  13:55  Missile Turret  
  84  13:56  Missile Turret  
  84  13:59  SCV  
  85  14:39  Widow Mine x3  
  85  14:44  Supply Depot  
  91  15:01  Widow Mine x3  
  91  15:05  Missile Turret  
  95  15:22  Battlecruiser  
  95  15:49  Widow Mine x2  
  101  15:50  Widow Mine  
  101  15:58  Missile Turret  
  101  16:11  Widow Mine x3  
  107  16:16  Terran Ship Weapons Level 1  
  107  16:32  Widow Mine  
  105  17:27  Command Center  
  105  17:43  Command Center  
  105  17:50  Widow Mine x2  
  109  17:59  Battlecruiser  
  109  18:00  Widow Mine  
  109  18:01  Supply Depot  
  109  18:04  Supply Depot  
  117  18:10  SCV, Terran Vehicle And Ship Armor Level 1  
  118  18:23  SCV  
  119  18:35  SCV  
  120  18:44  Siege Tank  
  120  18:47  SCV  
  124  19:04  Battlecruiser  
  124  19:05  Hi-Sec Auto Tracking  
  130  19:16  Siege Tank, Planetary Fortress  
  133  19:39  Refinery  
  133  19:41  Refinery  
  131  19:47  Planetary Fortress, Missile Turret  
  131  19:48  Siege Tank, Missile Turret  
  131  19:49  Missile Turret x2  
  131  19:50  Missile Turret  
  132  19:55  Missile Turret  
  132  19:58  SCV  
  133  20:10  SCV  
  133  20:14  Missile Turret  
  134  20:16  Missile Turret  
  134  20:22  SCV  
  135  20:34  SCV  
  136  20:46  SCV  
  135  20:57  Battlecruiser  
  135  21:00  Widow Mine x3  
  147  21:10  SCV  
  148  21:12  SCV  
  148  21:13  SCV  
  150  21:22  SCV  
  150  21:25  SCV x2  
  139  22:09  Starport  
  139  22:11  Starport  
  139  22:19  Widow Mine x3  
  145  22:30  Terran Ship Weapons Level 2  
  145  22:40  Widow Mine x3  
  151  22:44  Battlecruiser  
  155  23:01  Widow Mine  
  155  23:02  Widow Mine x2  
  159  23:23  Widow Mine x3  
  165  23:44  Widow Mine  
  167  23:55  Widow Mine x2  
  171  24:03  Starport Tech Lab  
  171  24:06  Widow Mine  
  171  24:10  Starport Tech Lab  
  171  24:16  Widow Mine x2  
  175  24:27  Widow Mine  
  177  24:37  Widow Mine  
  179  24:45  Terran Vehicle And Ship Armor Level 2  
  179  25:10  Widow Mine x3  
  181  25:32  Widow Mine  
  181  26:10  Widow Mine  
  181  26:11  Widow Mine x2  
  187  26:19  Missile Turret  
  187  26:21  Missile Turret  
  187  26:23  Missile Turret  
  187  26:27  Missile Turret  
  187  27:13  Widow Mine x3  
  191  27:35  Widow Mine  
  177  29:17  Battlecruiser x3  
  195  30:40  Command Center  
  195  30:41  Command Center  
  193  30:42  Command Center  
  187  31:12  Battlecruiser  
  187  31:18  Battlecruiser  
  191  31:20  Battlecruiser  
  193  31:42  Missile Turret  
  193  31:43  Missile Turret x3  
  193  31:55  Missile Turret  
  193  31:56  Missile Turret  
  193  32:00  Planetary Fortress x3  
  193  32:01  Missile Turret  
  193  32:02  Missile Turret  
  193  32:04  Missile Turret  
  193  32:07  Missile Turret  
  193  32:10  Missile Turret  
  193  32:16  Missile Turret, Battlecruiser  
  193  32:20  Missile Turret  
  193  32:22  Missile Turret  
  199  32:35  Refinery  
  197  32:42  Refinery  
  197  32:51  Missile Turret  
  197  32:53  Missile Turret  
  197  32:54  Missile Turret x2  
  197  32:58  Missile Turret  
  197  33:00  Missile Turret  
  197  33:04  Missile Turret  
  197  33:06  Missile Turret  
  197  33:36  Missile Turret  
  191  34:40  Command Center x2  
  191  34:41  Command Center  
  191  34:42  Command Center  
  191  34:43  Command Center  
  191  34:44  Command Center  
  191  34:49  Command Center  
  107  35:42  Battlecruiser x2  
  116  35:58  Battlecruiser  
  122  36:22  Planetary Fortress x2  
  122  36:34  Planetary Fortress  
  122  36:35  Planetary Fortress  
  122  36:36  Planetary Fortress  
  122  36:42  Planetary Fortress  
  119  37:28  Planetary Fortress  
  113  37:33  Missile Turret  
  113  37:34  Missile Turret  
  113  37:36  Missile Turret  
  109  37:37  Missile Turret  
  107  37:44  Missile Turret  
  107  37:45  Missile Turret x2  
  107  37:46  Missile Turret x2  
  103  37:57  SCV x3  
  103  37:58  SCV x2  
  106  38:05  SCV x2  
  108  38:15  Battlecruiser x2  
  108  38:17  SCV  
  121  38:28  Refinery  
  121  38:29  Refinery  
  121  38:35  Battlecruiser  
  127  39:10  Missile Turret  
  125  39:27  Battlecruiser  
  125  39:28  Battlecruiser  
  137  39:40  Battlecruiser  
  143  40:12  Command Center  
  143  40:16  Command Center  
  143  40:19  Missile Turret  
  143  40:22  SCV x4  
  143  40:24  SCV  
  143  40:25  SCV  
  143  40:26  SCV  
  150  40:34  SCV x3  
  153  40:40  SCV  
  153  40:41  SCV x2  
  156  40:43  SCV  
  157  41:05  Widow Mine x3  
  162  41:26  Widow Mine  
  158  42:40  Missile Turret  
  158  42:44  Missile Turret  
  158  42:45  Missile Turret  
  158  42:49  Missile Turret  
  158  43:07  Widow Mine x3  
  164  43:28  Widow Mine x2  
  164  43:29  Widow Mine  
  170  43:50  Widow Mine x3  
  174  44:11  Widow Mine x2  
  178  44:41  Command Center  
  178  44:43  Command Center  
  178  44:46  Command Center  
  130  45:35  Missile Turret  
  118  45:39  Missile Turret  
  118  45:44  Battlecruiser x3  
  134  46:14  Command Center x2  
  134  46:18  Command Center  
  134  46:48  Battlecruiser  
  140  47:02  Refinery  
  140  47:07  Refinery  
  140  47:30  Command Center  
  140  47:32  Command Center  
  140  47:43  Planetary Fortress  
  138  47:44  Planetary Fortress  
  138  47:54  Command Center  
  138  48:00  Planetary Fortress  
  138  48:05  Missile Turret  
  138  48:08  Missile Turret  
  138  48:09  Missile Turret x2  
  121  49:12  Planetary Fortress x2  
  121  49:13  Planetary Fortress  
  121  49:33  Missile Turret  
  121  49:35  Missile Turret x2  
  121  49:38  Missile Turret x2  
  121  49:39  Missile Turret  
  121  50:01  Refinery x2  
Show
View Real Time Build Order
Export as new Build Order

DirtyRacoon Terran 

Build Orders:  

Get SALT Encoding   

  12  0:10  SCV  
  13  0:22  SCV  
  14  0:34  SCV  
  15  0:37  Supply Depot  
  15  0:41  Supply Depot  
  15  0:47  Refinery  
  15  0:51  SCV  
  14  1:04  SCV  
  15  1:16  SCV  
  16  1:29  Barracks  
  16  1:41  Supply Depot  
  16  1:45  SCV  
  17  1:57  SCV  
  18  2:09  SCV  
  19  2:21  SCV  
  20  2:23  Bunker  
  20  2:33  Refinery  
  20  2:45  SCV  
  20  2:47  Refinery  
  20  2:52  Factory  
  20  2:55  Engineering Bay  
  21  3:03  Orbital Command  
  20  3:07  Reaper  
  21  3:27  Missile Turret x2  
  21  3:34  SCV  
  22  3:38  Hellion  
  22  3:39  Reaper  
  24  3:50  SCV  
  25  3:55  Starport  
  25  4:02  SCV  
  25  4:13  Hellion  
  25  4:15  SCV  
  28  4:19  Marine  
  29  4:27  Barracks  
  29  4:28  Barracks  
  29  4:32  Starport Reactor  
  29  4:37  SCV  
  30  4:46  Barracks Tech Lab  
  30  4:50  Missile Turret  
  30  4:55  Missile Turret  
  30  5:05  Terran Infantry Weapons Level 1  
  30  5:09  Stimpack  
  30  5:14  SCV  
  31  5:21  Supply Depot, Barracks Reactor x2  
  31  5:23  Supply Depot  
  31  5:42  Marine, Medivac x2  
  36  5:50  Hellion  
  36  5:55  Barracks  
  38  5:58  Marine  
  38  5:59  Marine  
  38  6:01  Marine  
  41  6:12  Hellion, Medivac x2  
  47  6:24  Supply Depot  
  47  6:28  Supply Depot  
  47  6:45  Marine x5  
  47  6:46  Hellion  
  54  6:59  Terran Infantry Armor Level 1  
  54  7:03  Marine x4  
  54  7:04  Marine  
  59  7:12  Combat Shield  
  59  7:23  Marine x2  
  59  7:24  Barracks Reactor  
  59  7:25  Marine  
  59  7:26  Marine  
  63  7:35  Factory Tech Lab  
  63  8:06  Marine x3  
  63  8:10  Marine x2  
  63  8:13  Marine  
  51  8:24  Marine x3  
  50  8:28  Marine x2  
  42  8:45  Viking x2  
  45  8:52  Starport x2  
  45  9:17  Command Center  
  45  9:20  Viking  
  34  9:54  Viking x2  
  34  9:55  Viking  
  34  9:57  Viking  
  42  10:15  Viking  
  44  10:22  Armory  
  43  11:06  Orbital Command  
  43  11:07  Viking  
  43  11:08  Viking x4  
  53  11:20  Terran Ship Weapons Level 1  
  53  11:40  Viking  
  53  11:41  Viking  
  57  11:52  SCV x2  
  59  12:04  SCV x2  
  61  12:16  SCV x2  
  61  12:18  Viking x2  
  64  12:28  SCV x2  
  63  12:40  Viking x2, SCV  
  63  12:41  Viking, SCV  
  71  12:53  SCV x2  
  73  13:00  Refinery  
  73  13:02  Refinery  
  73  13:05  SCV x2  
  75  13:14  Terran Vehicle And Ship Armor Level 1  
  75  13:15  Supply Depot  
  75  13:17  SCV x2, Supply Depot  
  77  13:22  Supply Depot  
  77  13:24  Supply Depot  
  77  13:29  SCV  
  78  13:36  Marine x2, SCV  
  78  13:37  Marine x2  
  78  13:41  SCV  
  84  14:06  Command Center, Viking x2  
  88  14:39  Viking x2  
  88  14:40  Viking x4  
  100  14:54  Armory  
  100  14:55  Supply Depot  
  100  14:59  Supply Depot  
  100  15:03  Supply Depot  
  100  15:07  Terran Ship Weapons Level 2  
  98  15:23  Widow Mine  
  96  15:33  Viking x2  
  100  15:42  Orbital Command  
  100  15:44  Widow Mine  
  102  16:03  Terran Vehicle And Ship Armor Level 2  
  102  16:06  Widow Mine  
  102  16:09  Viking x2  
  108  16:13  Supply Depot  
  108  16:27  Widow Mine  
  110  16:47  SCV x3  
  110  16:49  Widow Mine  
  110  16:52  Refinery  
  115  16:59  SCV x3  
  118  17:11  SCV x3  
  115  17:45  Missile Turret  
  115  17:54  Refinery  
  114  18:24  Terran Ship Weapons Level 3  
  110  18:27  Terran Vehicle And Ship Armor Level 3  
  103  18:52  SCV x3, Missile Turret  
  103  18:53  Missile Turret  
  106  18:59  Viking x4  
  106  19:00  Viking  
  116  19:04  SCV x3  
  116  19:06  Supply Depot  
  116  19:07  Supply Depot x2  
  119  19:16  SCV x3  
  122  19:22  Command Center  
  122  19:28  SCV  
  122  19:29  Viking x4  
  130  19:31  Raven  
  131  19:59  Viking x2  
  135  20:01  Command Center  
  135  20:04  Command Center  
  135  20:11  Viking x2  
  135  20:13  Raven  
  141  20:27  Widow Mine  
  143  20:29  Viking x2  
  147  20:41  Viking x2  
  150  20:48  Widow Mine  
  148  21:40  Viking x3  
  148  21:41  Viking  
  156  21:51  Raven  
  156  22:01  Missile Turret, Command Center  
  156  22:02  Missile Turret  
  156  22:10  Viking x3  
  156  22:11  Viking  
  164  22:40  Viking x3  
  166  23:11  Viking x2  
  166  23:12  Viking x3  
  168  23:24  Planetary Fortress  
  164  23:38  SCV  
  164  23:40  Missile Turret  
  165  23:41  Viking x2  
  165  23:42  Viking x3  
  175  23:50  SCV  
  174  24:02  SCV  
  175  24:11  Viking x3  
  175  24:14  SCV  
  175  24:16  Viking x2  
  186  24:21  Orbital Command  
  174  24:25  SCV  
  174  24:26  Missile Turret, SCV  
  175  24:37  SCV  
  176  24:41  Viking x3  
  176  24:45  Missile Turret  
  182  24:46  Viking x2  
  182  24:49  SCV  
  186  24:54  Hi-Sec Auto Tracking  
  185  25:01  SCV  
  185  25:05  Missile Turret  
  186  25:13  SCV  
  185  25:25  Viking x3  
  191  25:32  Supply Depot  
  191  25:35  SCV  
  192  25:37  SCV  
  192  25:39  Missile Turret  
  193  25:43  Missile Turret  
  193  25:47  SCV  
  191  25:59  SCV  
  180  26:10  SCV  
  177  26:11  SCV  
  178  26:19  Raven  
  178  26:22  SCV  
  178  26:23  SCV  
  182  26:34  SCV  
  182  26:37  SCV  
  184  26:46  SCV, Refinery  
  185  26:49  SCV  
  186  26:58  SCV  
  186  27:01  SCV  
  182  27:48  Supply Depot  
  182  27:50  Supply Depot  
  182  27:54  Supply Depot  
  182  28:19  Viking x2, SCV  
  180  28:37  Supply Depot, SCV  
  180  28:58  Viking x2  
  180  28:59  SCV  
  181  29:11  SCV  
  181  29:20  Orbital Command  
  181  29:21  Bunker  
  181  29:23  SCV  
  182  29:28  Viking  
  184  29:35  SCV  
  184  29:46  Viking  
  184  29:47  SCV  
  184  29:51  Supply Depot  
  181  29:58  Viking  
  181  29:59  SCV  
  176  30:16  Viking  
  178  30:21  Missile Turret  
  178  30:24  Missile Turret  
  173  30:48  Supply Depot  
  151  31:41  Starport, Viking x2  
  151  31:45  Starport  
  151  31:46  Neosteel Armor  
  155  31:58  Command Center  
  154  32:11  Viking x2  
  158  32:27  Marine x2  
  158  32:28  Marine x2  
  162  32:41  Viking x2  
  166  32:45  Refinery, Marine x3  
  166  32:46  Marine  
  170  32:54  Refinery, SCV  
  171  33:03  Marine x2  
  173  33:07  Supply Depot  
  173  33:08  Supply Depot  
  173  33:09  Supply Depot  
  173  33:14  Marine  
  173  33:15  SCV  
  173  33:29  Viking x2, SCV  
  178  33:39  Marine x2  
  178  33:40  Marine x3  
  178  33:41  SCV  
  184  33:53  SCV  
  185  33:57  Marine x3  
  185  33:58  Marine x2  
  184  34:15  Marine x5  
  189  34:24  Viking x2  
  193  34:33  Marine x5  
  198  34:50  Marine  
  198  34:51  Marine  
  178  35:08  Marine x2  
  62  35:58  Orbital Command  
  62  36:08  SCV  
  63  36:15  SCV x2  
  65  36:19  Marine  
  65  36:20  Marine x4, SCV  
  71  36:27  SCV x2  
  71  36:32  SCV  
  74  36:37  Marine x3  
  74  36:38  Marine x2  
  74  36:39  SCV x2  
  81  36:44  SCV  
  82  36:51  SCV x2  
  83  36:55  Marine  
  83  36:56  SCV  
  84  37:02  Marine x4  
  84  37:03  SCV x2  
  89  37:13  Marine  
  84  37:19  Marine x2  
  84  37:20  Marine x2  
  76  37:58  Marine  
  76  37:59  Marine x4, Command Center  
  81  38:06  Refinery  
  81  38:15  Medivac x2  
  81  38:16  Marine x2  
  81  38:17  Marine x3  
  90  38:34  Marine x4  
  90  38:35  Marine  
  95  38:52  Marine x4  
  79  39:21  SCV  
  79  39:22  SCV x3  
  79  39:24  Orbital Command  
  83  39:25  Marine x5  
  88  39:32  Terran Infantry Weapons Level 2  
  88  39:34  SCV x4, Terran Vehicle Weapons Level 1  
  92  39:40  Siege Tank  
  92  39:43  Marine x2  
  92  39:45  Viking  
  99  39:46  SCV x3  
  99  39:51  Marine  
  99  39:52  Marine  
  104  40:00  SCV  
  105  40:07  Missile Turret  
  105  40:12  Siege Tank, SCV  
  109  40:15  Refinery  
  109  40:17  SCV x4  
  113  40:26  Refinery  
  113  40:28  Refinery, Marine  
  113  40:29  Marine x4, SCV x3  
  121  40:46  Marine x3, Siege Tank  
  121  40:47  Marine x2  
  129  40:53  Viking x2  
  133  41:04  Marine x4  
  134  41:29  Viking x2  
  124  41:36  Marine x5  
  129  41:42  Viking  
  129  41:45  Viking x3  
  137  41:48  Terran Infantry Armor Level 2  
  137  41:54  Marine x5  
  132  41:59  Viking x2  
  134  42:11  Marine x2  
  134  42:12  Viking  
  134  42:15  Viking x3  
  143  42:29  Viking  
  139  42:32  Viking  
  141  42:42  Viking  
  143  42:45  Viking  
  143  42:47  Viking  
  147  42:57  Terran Vehicle Weapons Level 2  
  132  44:00  Missile Turret  
  132  44:10  Viking x5  
  132  44:11  Viking  
  132  44:16  Supply Depot  
  144  44:19  Supply Depot  
  144  44:24  Missile Turret  
  144  44:33  Missile Turret  
  144  44:35  Missile Turret  
  105  45:50  Command Center  
  89  46:42  Missile Turret, Viking x4  
  89  46:43  Viking x2  
  100  47:12  Viking x3  
  104  47:26  Marine x5  
  109  47:43  Marine  
  109  47:44  Marine x2  
  111  48:08  Raven  
Tags
 
Matchup
TvT
Race
Terran
Spawn Locations
Cross Positions
Add a new tag
Caveats
  • Supply blocks, unpowered buildings, or Contaminate may cause inaccurate times.
  • Supply counts are checked every 10 seconds.